 Dungeon Crawl Stone Soup version 0.19.1 (webtiles) character file.

8080 tognito the Cleaver (level 11, -14/104 HPs)
             Began as a Minotaur Berserker on Dec 10, 2016.
             Was a High Priest of Trog.
             Demolished by a white ugly thing (15 damage)
             ... on level 11 of the Dungeon.
             The game lasted 00:19:16 (9929 turns).

tognito the Cleaver (Minotaur Berserker)            Turns: 9929, Time: 00:19:16

Health: -14/104    AC: 14    Str: 25    XL:     11   Next: 5%
Magic:  10/10      EV: 12    Int:  4    God:    Trog [*****.]
Gold:   462        SH:  0    Dex: 12    Spells: 0 memorised, 10 levels left

rFire  + . .     SeeInvis .     a - +1 war axe
rCold  . . .     Gourm    .     e - +0 chain mail
rNeg   . . .     Faith    .     (no shield)
rPois  .         Spirit   .     (helmet restricted)
rElec  .         Reflect  .     p - +0 cloak
rCorr  .         Harm     .     q - +1 pair of gloves
MR     .....     Clarity  +     (no boots)
Stlth  ..........               (no amulet)
                                (no ring)
                                r - ring of protection from fire

@: no status effects
A: retaliatory headbutt, hooves 1, horns 2, agile 1, clarity
a: Berserk, Trog's Hand, Brothers in Arms, Burn Spellbooks, Renounce Religion


You were on level 11 of the Dungeon.
You worshipped Trog.
Trog was extremely pleased with you.
You were not hungry.

You visited 1 branch of the dungeon, and saw 11 of its levels.

You collected 462 gold pieces.

Inventory:

Hand Weapons
 a - a +1 war axe (weapon)
 b - a +0 arbalest
Missiles
 o - 21 bolts
Armour
 e - a +0 chain mail (worn)
 p - a +0 cloak (worn)
 q - a +1 pair of gloves (worn)
Jewellery
 r - a ring of protection from fire (left hand)
Wands
 d - a wand of iceblast (9/15)
 h - a wand of flame (24/48)
 v - a wand of polymorph (12/24)
 z - a wand of polymorph (5/24)
 E - a wand of polymorph (18/24)
 G - a wand of polymorph (12/24)
 K - a wand of acid (3/15)
Scrolls
 g - 6 scrolls of remove curse
 i - 7 scrolls of identify
 k - a scroll of blinking
 n - 2 scrolls of teleportation
Potions
 j - a potion of magic {unknown}
 s - a potion of curing
 t - a potion of heal wounds
 D - a potion of flight
 I - 4 potions of haste
 L - 2 potions of brilliance
Comestibles
 c - 9 bread rations
 f - 2 royal jellies
 l - 2 fruits
 m - 9 meat rations
 B - 2 beef jerkies
 C - 8 slices of pizza


   Skills:
 * Level 12.0 Fighting
 * Level 12.2 Axes
 + Level 8.7 Armour
 + Level 8.0 Dodging


You had 10 spell levels left.
You didn't know any spells.

Dungeon Overview and Level Annotations

Branches:
Dungeon (11/15)            Temple (0/1) D:7             Orc (0/2) D:10
   Lair: D:8-11

Altars:
Dithmenos
Fedhas
Gozag
Hepliaklqana
Kikubaaqudgha
Nemelex Xobeh
Qazlal
Uskayaw

Shops:
D:5 (   D:7 [[   D:8 !??


Innate Abilities, Weirdness & Mutations

You reflexively headbutt those who attack you in melee.
You have a pair of horns on your head.
You have large cloven feet.
You are agile. (Dex +2)
You possess an exceptional clarity of mind.


Message History

The white ugly thing barely misses you. You furiously retaliate!
You headbutt the white ugly thing, but do no damage.
You hit the white ugly thing. Your kick misses the white ugly thing.
The white ugly thing is severely wounded.
The white ugly thing closely misses you.
You barely miss the white ugly thing.
Your headbutt misses the white ugly thing.
The white ugly thing is heavily wounded.
The white ugly thing tail-slaps you. The white ugly thing freezes you!
You barely miss the white ugly thing.
You kick the white ugly thing, but do no damage.
The white ugly thing is heavily wounded.
The white ugly thing tail-slaps you. The white ugly thing freezes you!!
* * * LOW HITPOINT WARNING * * *
You slash the white ugly thing! Your kick misses the white ugly thing.
The white ugly thing is severely wounded.
The white ugly thing tail-slaps you!
* * * LOW HITPOINT WARNING * * *
The white ugly thing freezes you!
You die...

#.# #.# #.#
#.#########
#..........
#..........
###########..#######.
.............#
.......@.....#
......u......#
.............#
.............#
....########.# .(..
#.# ... #.# .... #.#
..##+#####.#######


You could see a white ugly thing.

Vanquished Creatures
  A centaur warrior (D:11)
  Erica (D:8)
  Joseph (D:8)
  A troll (D:10)
  A two-headed ogre (D:9)
  Grinder (D:3)
  A hippogriff (D:9)
  4 hogs (D:7)
  A human (D:7)
  Grum (D:8)
  2 hungry ghosts
  A steam dragon (D:9)
  2 orc warriors
  A sky beast (D:7)
  3 ice beasts
  2 phantoms (D:4)
  The ghost of kaze the Shield-Bearer, an amateur HOFi (D:3)
  4 ogres
  2 wolves (D:8)
  8 centaurs
  Blork the orc (D:6)
  6 bullfrogs
  A gnoll sergeant (D:7)
  2 scorpions
  A wyvern skeleton (D:9)
  4 killer bees (D:9)
  4 wights (D:8)
  2 howler monkeys
  2 crimson imps
  A bullfrog zombie (D:8)
  2 quasits
  4 hounds
  3 orc priests
  3 jellies
  A bullfrog skeleton (D:7)
  Natasha (thrice) (D:3)
  8 orc wizards
  8 worker ants
  A killer bee zombie (D:6)
  A hound zombie (D:3)
  3 hound skeletons
  2 worker ant zombies
  2 howler monkey zombies
  4 gnolls
  14 adders
  2 shadow imps (D:10)
  A white imp (D:9)
  An ooze (D:2)
  An adder skeleton (D:9)
  An adder zombie (D:5)
  A dart slug (D:1)
  5 worms
  5 leopard geckos
  34 orcs
  A ball python (D:3)
  A bat zombie (D:3)
  4 giant cockroaches
  5 goblins
  8 hobgoblins
  4 jackals (D:7)
  A quokka (D:3)
  8 bats
  5 frilled lizards
  A jackal zombie (D:7)
  7 kobolds
  A quokka zombie (D:9)
  8 rats
227 creatures vanquished.

Notes
Turn   | Place    | Note
-------+----------+-------------------------------------------
     0 | D:1      | tognito the Minotaur Berserker began the quest for the Orb.
     0 | D:1      | Reached XP level 1. HP: 19/19 MP: 0/0
   167 | D:1      | Reached XP level 2. HP: 20/27 MP: 1/1
   872 | D:2      | Reached ** piety under Trog
   872 | D:2      | Reached XP level 3. HP: 33/33 MP: 2/2
   926 | D:2      | Reached XP level 4. HP: 35/41 MP: 3/3
   992 | D:2      | Found an opulent altar of Gozag.
  1205 | D:2      | Found an opulent altar of Gozag.
  1206 | D:2      | Found a sparkling altar of Nemelex Xobeh.
  1494 | D:3      | Noticed kaze's ghost (amateur HOFi)
  1513 | D:3      | Killed kaze's ghost
  1513 | D:3      | Reached skill level 5 in Fighting
  1513 | D:3      | Reached skill level 5 in Axes
  1513 | D:3      | Reached XP level 5. HP: 24/48 MP: 4/4
  1681 | D:3      | Noticed Natasha
  1693 | D:3      | Killed Natasha
  1906 | D:3      | Noticed Grinder
  1912 | D:3      | Noticed Natasha
  1916 | D:3      | Killed Natasha
  1916 | D:3      | Reached XP level 6. HP: 53/56 MP: 5/5
  1916 | D:3      | Paralysed by Grinder for 4 turns
  1925 | D:3      | Killed Grinder
  2307 | D:3      | Reached *** piety under Trog
  2470 | D:3      | Noticed Natasha
  2478 | D:3      | Killed Natasha
  2834 | D:3      | Found an ancient bone altar of Kikubaaqudgha.
  2956 | D:3      | Reached XP level 7. HP: 63/63 MP: 6/6
  3287 | D:4      | Gained mutation: You possess an exceptional clarity of mind. [potion of mutation]
  3287 | D:4      | Gained mutation: You are agile. (Dex +2) [potion of mutation]
  3287 | D:4      | Gained mutation: You have large cloven feet. [potion of mutation]
  3659 | D:5      | Entered Level 5 of the Dungeon
  3872 | D:5      | Reached skill level 5 in Armour
  3915 | D:5      | Found Boxatalisch's Antique Weapon Shop.
  4010 | D:5      | Reached XP level 8. HP: 68/73 MP: 7/7
  4340 | D:5      | Reached skill level 5 in Dodging
  4792 | D:6      | Noticed Blork the orc
  4800 | D:6      | Killed Blork the orc
  5257 | D:6      | Found a blossoming altar of Fedhas.
  5280 | D:6      | Received a gift from Trog
  5821 | D:7      | Reached XP level 9. HP: 71/82 MP: 8/8
  5915 | D:7      | Found Paoradd's Antique Armour Shoppe.
  6070 | D:7      | Reached **** piety under Trog
  6093 | D:7      | Found a hazy altar of Hepliaklqana.
  6193 | D:7      | Found a staircase to the Ecumenical Temple.
  6305 | D:7      | Found Alaschufar's Antique Armour Shoppe.
  6430 | D:7      | Found a stormy altar of Qazlal.
  6681 | D:7      | Reached skill level 10 in Axes
  6684 | D:7      | Reached skill level 10 in Fighting
  6781 | D:8      | Found Dadus's Magic Scroll Shop.
  6870 | D:8      | Noticed Grum
  6872 | D:8      | Noticed Joseph
  6885 | D:8      | Killed Grum
  6887 | D:8      | Killed Joseph
  6887 | D:8      | Reached XP level 10. HP: 29/94 MP: 9/9
  6888 | D:8      | Found Eseof's Distillery.
  7308 | D:8      | Noticed Erica
  7310 | D:8      | Killed Erica
  7508 | D:8      | Found Zobaih's Magic Scroll Shop.
  7703 | D:9      | Reached ***** piety under Trog
  8672 | D:9      | Found a hide-covered altar of Uskayaw.
  8672 | D:9      | Found a shadowy altar of Dithmenos.
  8976 | D:10     | Entered Level 10 of the Dungeon
  9037 | D:10     | Found a staircase to the Orcish Mines.
  9863 | D:11     | Noticed a centaur warrior
  9873 | D:11     | Killed a centaur warrior
  9873 | D:11     | Reached XP level 11. HP: 84/104 MP: 10/10
  9918 | D:11     | Noticed a white ugly thing
  9929 | D:11     | HP: 1/104 [white ugly thing (9)]
  9929 | D:11     | Demolished by a white ugly thing

Skill      XL: |  1  2  3  4  5  6  7  8  9 10 |
---------------+-------------------------------+-----
Fighting       | 4 5 6 7 8 10 12 | 12.0
Axes           | 4 5 6 7 9 10 12 | 12.2
Dodging        | 3 4 5 7 8 |  8.0
Armour         | 3 4 5 6 7 8 |  8.7

Action                   |  1- 3 |  4- 6 |  7- 9 | 10-12 || total
-------------------------+-------+-------+-------+-------++-------
Melee: Hand axe          |    57 |   103 |       |       ||   160
       Headbutt          |    12 |    14 |    36 |    32 ||    94
       War axe           |       |     2 |   192 |   139 ||   333
       Kick              |       |       |    44 |    54 ||    98
 Fire: Arbalest          |       |    11 |    73 |    47 ||   131
Invok: Berserk           |       |     2 |     1 |       ||     3
       Trog's Hand       |       |     1 |       |     1 ||     2
       Burn Spellbooks   |       |       |       |     1 ||     1
  Use: Potion            |     2 |     4 |     5 |     1 ||    12
       Scroll            |       |       |       |    14 ||    14
 Stab: Sleeping          |     1 |       |       |       ||     1
  Eat: Chunk             |       |     8 |    14 |    12 ||    34
       Fruit             |       |       |     1 |     1 ||     2
Armor: Animal skin       |     4 |       |       |       ||     4
       Ring mail         |     6 |       |       |       ||     6
       Chain mail        |    10 |    61 |   105 |    72 ||   248
Dodge: Dodged            |    43 |    43 |   110 |    95 ||   291
